[Event "Team 45 45 League T47"]
[Site "Internet Chess Club"]
[Date "2010.11.05"]
[Round "1"]
[White "Kolibri"]
[Black "screamingeagle"]
[Result "0-1"]
[WhiteElo "2038"]
[BlackElo "1996"]
[Opening "French: Winawer, advance, positional main line"]
[ECO "C19"]
[Time "15:01:52"]
[TimeControl "2700+45"]

1. e4 e6 2. d4 d5 3. Nc3 Bb4 4. e5 c5 5. a3 Bxc3+ 6. bxc3 Ne7 7. Nf3 Nbc6 8. a4
Qc7 9. Bd3 Bd7 10. O-O c4 11. Be2 f6 12. Re1 O-O-O 13. Ba3 h5 14. Bd6 Qa5 15.
Qd2 Nf5 16. Ba3 h4 17. Bf1 Rdg8 18. Reb1 Qc7 19. Re1 Qd8 20. Reb1 Be8 21. a5 Bh5
22. Qe1 Bxf3 23. gxf3 fxe5 24. dxe5 Qg5+ 25. Kh1 Qf4 26. Qe2 Nxe5 27. Bc1 Qxf3+
28. Qxf3 Nxf3 29. Bh3 g5 30. Bxf5 exf5 31. Be3 a6 32. Rd1 Rd8 33. Kg2 g4 34. h3
Rhe8 35. Rab1 Re6 36. Rb4 Rd7 37. Rdb1 Rf7 38. Rd1 Rd7 39. Rdb1 Re4 40. Rb6 f4
41. Bc5 Nd2 42. Rd1 f3+ 43. Kh2 g3+ 44. Kg1 Re2 45. Rg6 Ne4 46. Rg8+ Kc7 47.
Bb6+ Kc6 48. Rg6+ Rd6 {White resigns} 0-1

[Event "Team 45 45 League T47"]
[Site "Internet Chess Club"]
[Date "2010.11.08"]
[Round "1"]
[White "ElCreyente"]
[Black "AugustoCaruso"]
[Result "0-1"]
[WhiteElo "2216"]
[BlackElo "2274"]
[Opening "French: Steinitz, Boleslavsky variation"]
[ECO "C11"]
[Time "16:00:08"]
[TimeControl "2700+45"]

1. e4 e6 2. d4 d5 3. Nc3 Nf6 4. e5 Nfd7 5. f4 c5 6. Nf3 Nc6 7. Be3 cxd4 8. Nxd4
Bc5 9. Qd2 O-O 10. O-O-O a6 11. h4 Nxd4 12. Bxd4 b5 13. h5 b4 14. Na4 Bxd4 15.
Qxd4 f6 16. exf6 Qxf6 17. g3 Qxd4 18. Rxd4 a5 19. h6 g6 20. Bh3 Re8 21. Re1 Kf7
22. Rd3 Ra6 23. Rde3 Rc6 24. Bg2 Nf6 25. a3 Bd7 26. axb4 axb4 27. b3 Rec8 28.
R3e2 Ra6 29. Nb2 Bb5 {White resigns} 0-1

[Event "Team 45 45 League T47"]
[Site "Internet Chess Club"]
[Date "2010.11.06"]
[Round "1"]
[White "QueensCounselor"]
[Black "rdmuhcu"]
[Result "0-1"]
[WhiteElo "2172"]
[BlackElo "2262"]
[Opening "QGD Slav: Dutch variation"]
[ECO "D18"]
[Time "14:04:27"]
[TimeControl "2700+45"]

1. d4 d5 2. c4 c6 3. Nf3 Nf6 4. Nc3 dxc4 5. a4 Bf5 6. e3 Nbd7 7. Bxc4 e6 8. O-O
Bb4 9. Ne2 Nb6 10. Bd3 Bxd3 11. Qxd3 O-O 12. Ne5 c5 13. dxc5 Bxc5 14. Rd1 Qc7
15. Nf3 Rfd8 16. Qc2 Bxe3 17. Nc3 Rxd1+ 18. Qxd1 Rd8 19. Qe2 Bxc1 20. Rxc1 Nxa4
{White resigns} 0-1

[Event "Team 45 45 League T47"]
[Site "Internet Chess Club"]
[Date "2010.11.08"]
[Round "1"]
[White "YoniKer"]
[Black "PandorasBox"]
[Result "1-0"]
[WhiteElo "2069"]
[BlackElo "1938"]
[Opening "French: Fort Knox variation"]
[ECO "C10"]
[Time "16:35:46"]
[TimeControl "2700+45"]

1. e4 e6 2. d4 d5 3. Nc3 dxe4 4. Nxe4 Bd7 5. Nf3 Bc6 6. Bd3 Nd7 7. Ne5 Nxe5 8.
dxe5 Bxe4 9. Bxe4 Qxd1+ 10. Kxd1 O-O-O+ 11. Ke2 f5 12. Bd3 Ne7 13. Bg5 h6 14.
Bxe7 Bxe7 15. Bc4 Rhf8 16. Bxe6+ Kb8 17. f4 Rd4 18. g3 g5 19. Rad1 Re4+ 20. Kf3
g4+ 21. Kf2 Bc5+ 22. Kf1 c6 23. Rd2 h5 24. Kg2 h4 25. Rhd1 h3+ 26. Kf1 Kc7 27.
Re2 Rd4 28. Rxd4 Bxd4 29. c3 Bc5 30. Rd2 b5 31. Rd7+ Kb6 32. Rf7 Rd8 33. Ke2 Bg1
34. Bxf5 Bxh2 35. Bxg4 Rh8 36. Kf2 Rg8 37. Bxh3 Bxg3+ 38. Kf3 Be1 39. Bg4 b4 40.
e6 Re8 41. c4 Kc5 42. b3 a5 43. Rd7 a4 44. f5 axb3 45. axb3 Bc3 46. Bh5 Rh8 47.
e7 Rxh5 48. e8=Q Rxf5+ 49. Kg4 Rf6 50. Qe7+ Kb6 51. Rb7+ Ka6 52. Ra7+ Kb6 53.
Ra8 Rg6+ 54. Kh5 Rg7 55. Rb8+ Ka6 56. Qc5 Rh7+ 57. Kg4 Rg7+ 58. Kf5 Rf7+ 59. Ke4
Rf4+ 60. Kxf4 Bd2+ 61. Ke4 Be3 62. Qxc6+ {Black resigns} 1-0

[Event "Team 45 45 League T47"]
[Site "Internet Chess Club"]
[Date "2010.11.07"]
[Round "1"]
[White "Deckfuel"]
[Black "xakelari"]
[Result "1/2-1/2"]
[WhiteElo "1985"]
[BlackElo "2060"]
[Opening "Dunst (Sleipner,Heinrichsen) opening"]
[ECO "A00"]
[Time "15:30:11"]
[TimeControl "2700+45"]

1. Nc3 e5 2. Nf3 Nc6 3. d4 exd4 4. Nxd4 Bc5 5. Nb3 Bb6 6. Nd5 d6 7. Nxb6 axb6 8.
g3 Nf6 9. Bg2 O-O 10. O-O Re8 11. Re1 Ng4 12. h3 Nge5 13. f4 Ng6 14. e4 Bd7 15.
Nd4 Nxd4 16. Qxd4 Bc6 17. b3 Nf8 18. Bb2 f6 19. Qc4+ Kh8 20. a4 Nd7 21. Rad1 Nc5
22. e5 fxe5 23. fxe5 Qg5 24. Qf4 Qxf4 25. gxf4 Bxg2 26. Kxg2 dxe5 27. fxe5 Ne6
28. Rd7 Rad8 29. Red1 Kg8 30. Rxd8 Rxd8 31. Rxd8+ Nxd8 32. Kf3 Kf7 33. Ke4 Ke6
34. h4 Nc6 35. Bc3 Ne7 36. h5 Nc6 37. b4 g6 38. h6 Nd8 39. b5 Nf7 40. Bd2 Nxe5
41. Bf4 Nd7 42. Bxc7 Nc5+ 43. Kd4 Nxa4 44. c4 Kd7 45. Be5 Nc5 46. Kd5 Ne6 47.
Bg3 Nd8 48. Bf4 Nf7 49. Be3 g5 50. Bxb6 Nxh6 51. Ke5 Nf7+ 52. Kf6 Nd6 53. Kxg5
Nxc4 54. Bc5 Nd6 55. Kh6 Nxb5 56. Kxh7 Nc3 57. Bd4 Ne4 58. Kg6 Ke6 59. Bb6 Kd5
60. Kf5 Nd6+ 61. Kf4 Nc4 62. Bd8 Kd4 63. Bf6+ Kd3 64. Kf5 b5 65. Ke6 b4 66. Kd5
b3 67. Kc5 Nd2 68. Kb4 Kc2 69. Bh8 Ne4 70. Bg7 Nf2 71. Bh8 Nd1 72. Bd4 Nb2 73.
Bg7 Nd3+ 74. Ka3 b2 75. Bxb2 {Game drawn because neither player has mating
material} 1/2-1/2

[Event "Team 45 45 League T47"]
[Site "Internet Chess Club"]
[Date "2010.11.05"]
[Round "1"]
[White "easycure"]
[Black "PHILOCHESS"]
[Result "1/2-1/2"]
[WhiteElo "2332"]
[BlackElo "2064"]
[Opening "Benkö gambit accepted"]
[ECO "A58"]
[Time "11:57:00"]
[TimeControl "2700+45"]

1. d4 Nf6 2. c4 c5 3. d5 b5 4. cxb5 a6 5. bxa6 e6 6. Nc3 Nxa6 7. e4 Bb7 8. Nf3
Qc7 9. Bc4 exd5 10. exd5 Bd6 11. Qe2+ Kf8 12. O-O Nb4 13. Qd1 Ba6 14. Bxa6 Rxa6
15. Bg5 c4 16. Bxf6 gxf6 17. Nb5 Qc5 18. Nxd6 Rxd6 19. Qd2 h5 20. Rac1 Rxd5 21.
Qf4 Nd3 22. Qxf6 Rg8 23. Qh6+ Rg7 24. Rc2 Kg8 25. Re2 Qf8 26. Qe3 Rf5 27. Nd4
Rf4 28. Rd2 d5 29. f3 Qd6 30. Ne2 Rf6 31. Qd4 h4 32. Nc3 h3 33. g3 Rf5 34. b3
Qc6 35. bxc4 dxc4 36. Ne4 f6 37. Nd6 Rf4 38. Ne4 Rf5 39. Qd8+ Kh7 40. Qd6 Rc7
41. g4 Qxd6 42. Nxd6 Ra5 43. Ne4 Rca7 44. Nc3 Ra3 45. Rxd3 cxd3 46. Nb5 Rxa2 47.
Nxa7 Rxa7 48. Rd1 Rd7 49. Kf2 Kg6 50. Ke3 Re7+ 51. Kf4 Re2 52. Kg3 d2 53. Kxh3
f5 54. Kg3 fxg4 55. fxg4 Re3+ 56. Kf4 Re2 57. h4 Kh6 58. Kf3 Rh2 59. Kg3 Re2 60.
Kf3 Rh2 61. Kf4 Rf2+ 62. Ke4 Re2+ 63. Kf3 {Game drawn by repetition} 1/2-1/2

[Event "Team 45 45 League T47"]
[Site "Internet Chess Club"]
[Date "2010.11.07"]
[Round "1"]
[White "Camalleo"]
[Black "technika"]
[Result "1/2-1/2"]
[WhiteElo "2024"]
[BlackElo "2074"]
[Opening "Sicilian: accelerated fianchetto, modern variation with Bc4"]
[ECO "B35"]
[Time "13:07:33"]
[TimeControl "2700+45"]

1. e4 c5 2. Nf3 Nc6 3. d4 cxd4 4. Nxd4 g6 5. Be3 Bg7 6. Nc3 Nf6 7. Bc4 O-O 8.
Bb3 a5 9. O-O Nxd4 10. Bxd4 d6 11. f4 Bd7 12. a4 Bc6 13. Qd3 Nd7 14. Bxg7 Kxg7
15. Qd4+ Kg8 16. Nd5 Nc5 17. f5 Nxb3 18. cxb3 Bxd5 19. exd5 Qd7 20. Rae1 Rae8
21. Re3 Qc8 22. Rc3 Qd7 23. Qh4 Kg7 24. Rh3 h5 25. Rg3 Qc7 26. Qxh5 Qc2 27. Qg5
Qxb2 28. Qe3 Qe5 29. Qd2 Rc8 30. fxg6 fxg6 31. Re1 Qf4 32. Rxe7+ Kh6 33. Qxf4+
Rxf4 34. h3 Rf6 35. Rxb7 Rc5 36. Rd3 Rf5 37. Rd7 Rfxd5 38. Rxd6 Rxd6 39. Rxd6
Rc1+ 40. Kh2 Rc3 41. Rb6 Kg5 42. Rb5+ Kf4 43. h4 Kg4 44. Rxa5 Rxb3 45. Rg5+ Kxh4
46. Rxg6 Ra3 47. Ra6 Kg4 48. a5 Kh5 49. Ra8 Kg6 50. a6 Kg7 51. g4 Kh7 52. a7 Kg7
53. Kg2 Kh7 54. Kf2 Kg7 55. Ke2 Kh7 56. Kd2 Kg7 57. Kc2 Kh7 58. Kb2 Ra6 59. Kb3
Kg7 60. Kb4 Ra1 61. Kb5 Rb1+ 62. Ka5 Ra1+ 63. Kb6 Rb1+ 64. Kc7 Rc1+ 65. Kd6 Rd1+
66. Ke5 Re1+ 67. Kf4 Rf1+ 68. Kg5 Ra1 69. Kf5 Rf1+ 70. Ke4 Re1+ 71. Kf3 Rf1+ 72.
Kg3 Ra1 73. g5 Ra6 74. Kf4 Ra5 75. g6 Ra4+ 76. Kf5 Ra5+ 77. Ke6 Ra6+ 78. Kd7 Ra1
79. Kc6 Rc1+ 80. Kb7 Rb1+ 81. Ka6 Ra1+ 82. Kb6 Rb1+ 83. Kc7 Rc1+ 84. Kd6 Rd1+
85. Ke6 Re1+ 86. Kf5 Rf1+ 87. Ke6 Re1+ 88. Kd7 Rd1+ 89. Ke6 Re1+ {Game drawn by
repetition} 1/2-1/2

[Event "Team 45 45 League T47"]
[Site "Internet Chess Club"]
[Date "2010.11.04"]
[Round "1"]
[White "jorobo"]
[Black "D10S"]
[Result "1/2-1/2"]
[WhiteElo "2103"]
[BlackElo "1960"]
[Opening "English: Mikenas-Carls, Flohr variation"]
[ECO "A18"]
[Time "13:59:12"]
[TimeControl "2700+45"]

1. c4 Nf6 2. Nc3 e6 3. e4 d5 4. e5 d4 5. exf6 dxc3 6. bxc3 Qxf6 7. d4 e5 8. Nf3
exd4 9. Bg5 Qe6+ 10. Be2 Be7 11. cxd4 O-O 12. O-O Bxg5 13. Nxg5 Qg6 14. Qd2 h6
15. Nf3 Bh3 16. Nh4 Qf6 17. Nf3 Qg6 18. Nh4 Qf6 19. gxh3 Qxh4 20. Rfe1 Nc6 21.
d5 Nd4 22. Kg2 Qe4+ 23. f3 Qg6+ 24. Kf2 Qf6 25. Rad1 Nxe2 26. Rxe2 Rfe8 27. Rde1
Rxe2+ 28. Qxe2 {Game drawn by mutual agreement} 1/2-1/2

[Event "Team 45 45 League T47"]
[Site "Internet Chess Club"]
[Date "2010.11.07"]
[Round "1"]
[White "parpin"]
[Black "noHz"]
[Result "0-1"]
[WhiteElo "1839"]
[BlackElo "2115"]
[Opening "French: exchange variation"]
[ECO "C01"]
[Time "13:00:27"]
[TimeControl "2700+45"]

1. e4 e6 2. d4 d5 3. exd5 exd5 4. c4 Bb4+ 5. Nc3 Ne7 6. Be3 O-O 7. Bd3 dxc4 8.
Bxc4 Nd5 9. Bxd5 Qxd5 10. Qf3 Qc4 11. Ne2 Bxc3+ 12. Nxc3 Nc6 13. Qe2 Qb4 14. Rb1
Nxd4 15. Bxd4 Qxd4 16. O-O c6 17. Rbd1 Qb4 18. a3 Qb3 19. Rd4 a5 20. Rfd1 Be6
21. Ne4 b6 22. Ng5 Bf5 23. Rf4 Rfe8 24. Qf3 Qxf3 25. Nxf3 Be4 26. Ng5 Bd5 27. h3
h6 28. Nf3 Re2 29. b4 axb4 30. axb4 Rb2 31. Rd2 Rb1+ 32. Kh2 Ra4 33. Rdd4 g5 34.
Rg4 f5 35. Rxd5 fxg4 36. Rd8+ Kg7 37. Rd7+ Kf8 38. hxg4 Rbxb4 39. Ne5 c5 40. Rd6
Rb2 41. Nd3 Rb3 42. Ne5 Ra2 43. Rf6+ Ke7 44. Rf5 Ke6 45. Ng6 c4 46. Nf8+ Kd6 47.
Rf6+ Ke7 48. Rf5 c3 49. Ng6+ Ke6 50. Nf8+ Kd6 51. Rf3 b5 52. Rd3+ Kc6 53. Ne6
Ra4 54. f3 c2 55. Rd8 Rc4 56. Rc8+ Kd7 {White resigns} 0-1

[Event "Team 45 45 League T47"]
[Site "Internet Chess Club"]
[Date "2010.11.03"]
[Round "1"]
[White "NFork"]
[Black "Indianqueen"]
[Result "0-1"]
[WhiteElo "2298"]
[BlackElo "2320"]
[Opening "French: Tarrasch, closed variation, main line"]
[ECO "C06"]
[Time "16:35:21"]
[TimeControl "2700+45"]

1. e4 e6 2. d4 d5 3. Nd2 Nf6 4. e5 Nfd7 5. c3 c5 6. Bd3 Nc6 7. Ne2 cxd4 8. cxd4
Qb6 9. O-O Nxd4 10. Nxd4 Qxd4 11. Nf3 Qb4 12. a3 Qg4 13. h3 Qh5 14. Qa4 Be7 15.
Kh2 f6 16. Bb5 fxe5 17. Bd2 e4 18. Nd4 Qf7 19. Rac1 Bd6+ 20. Kh1 e5 21. Nb3 a6
22. Nc5 Bxc5 23. Rxc5 Rb8 24. Rfc1 O-O 25. Rxc8 Rbxc8 26. Bxd7 b5 27. Bxb5 Rxc1+
28. Bxc1 axb5 29. Qxb5 d4 30. Bg5 Qxf2 31. Qd5+ Kh8 32. Qxe4 Qf5 {White resigns}
0-1

[Event "Team 45 45 League T47"]
[Site "Internet Chess Club"]
[Date "2010.11.06"]
[Round "1"]
[White "SuperJEM"]
[Black "ThuG"]
[Result "0-1"]
[WhiteElo "2165"]
[BlackElo "2231"]
[Opening "English opening"]
[ECO "A20"]
[Time "07:01:54"]
[TimeControl "2700+45"]

1. c4 e5 2. g3 Nf6 3. Bg2 d5 4. cxd5 Nxd5 5. Nc3 Nb6 6. Nf3 Nc6 7. d3 Be7 8. O-O
O-O 9. a3 a5 10. Na4 Nxa4 11. Qxa4 Bd7 12. Be3 Bf6 13. Rac1 Re8 14. Qc2 Be6 15.
Nd2 Bd5 16. Ne4 Be7 17. Bc5 Bxc5 18. Qxc5 Nd4 19. Rce1 Nb3 20. Qc2 b6 21. Nc3
Nd4 22. Qd2 Bxg2 23. Kxg2 c5 24. Rd1 a4 25. e3 Nb3 26. Qc2 Qd7 27. e4 Re6 28. f4
exf4 29. Rxf4 Rd6 30. Nd5 Re8 31. Rdf1 Nd4 32. Qf2 Rxd5 33. Rxf7 Qd8 34. Rxg7+
Kxg7 35. Qf7+ Kh8 36. exd5 Qe7 37. Qf4 Qe5 38. Qf7 Rd8 39. Kh3 b5 40. Rf4 Qg7
41. Qh5 Qd7+ 42. g4 Qg7 43. Rf7 Qg6 44. Qxg6 hxg6 {White forfeits on time} 0-1

[Event "Team 45 45 League T47"]
[Site "Internet Chess Club"]
[Date "2010.11.05"]
[Round "1"]
[White "zeigmata"]
[Black "Sandeen"]
[Result "1-0"]
[WhiteElo "2228"]
[BlackElo "2213"]
[Opening "QGD Slav: Steiner variation"]
[ECO "D16"]
[Time "14:30:19"]
[TimeControl "2700+45"]

1. d4 d5 2. c4 c6 3. Nf3 Nf6 4. Nc3 dxc4 5. a4 Bg4 6. e3 e5 7. Bxc4 exd4 8. Qxd4
Nbd7 9. Ng5 Bh5 10. O-O Bc5 11. Qf4 O-O 12. b3 Qe7 13. Nge4 Bb4 14. Bb2 Rfe8 15.
Ng3 Bg6 16. Rfd1 Rad8 17. Na2 Bc5 18. b4 b5 19. axb5 cxb5 20. Bxb5 Bb6 21. Bxf6
gxf6 22. Nf5 Qe6 23. Nd4 Bxd4 24. Rxd4 Rf8 25. Qc7 Qe5 26. Qxe5 Nxe5 27. Nc3 Rc8
28. Nd5 Rb8 29. Be2 Kg7 30. f4 Nc6 31. Rc4 Rfd8 32. Bf3 {Black resigns} 1-0

[Event "Team 45 45 League T47"]
[Site "Internet Chess Club"]
[Date "2010.11.04"]
[Round "1"]
[White "sammj"]
[Black "WilThorpe"]
[Result "1-0"]
[WhiteElo "2253"]
[BlackElo "2046"]
[Opening "King's Indian: orthodox, 7...Nbd7"]
[ECO "E94"]
[Time "14:04:34"]
[TimeControl "2700+45"]

1. d4 Nf6 2. c4 g6 3. Nc3 Bg7 4. e4 d6 5. Nf3 O-O 6. Be2 Nbd7 7. O-O e5 8. Be3
Ng4 9. Bg5 f6 10. Bd2 f5 11. Bg5 Bf6 12. Bxf6 Ngxf6 13. exf5 gxf5 14. dxe5 dxe5
15. Qd2 Kh8 16. Qg5 Ng8 17. Qxd8 Rxd8 18. Ng5 Re8 19. Nd5 Rb8 20. Nf7+ Kg7 21.
Nxc7 Re7 22. Nd6 Nb6 23. c5 Na4 24. Nd5 Re6 25. Nxf5+ Kf8 26. b4 Bd7 27. f4 Nf6
28. Nc7 Rc6 29. fxe5 Rxc7 30. Nd6 Bc6 31. Rxf6+ Kg7 32. Raf1 {Black resigns} 1-0

[Event "Team 45 45 League T47"]
[Site "Internet Chess Club"]
[Date "2010.11.07"]
[Round "1"]
[White "Gallego"]
[Black "DieHappy"]
[Result "1/2-1/2"]
[WhiteElo "2387"]
[BlackElo "2270"]
[Opening "QGD Slav: 4.e3"]
[ECO "D11"]
[Time "18:00:30"]
[TimeControl "2700+45"]

1. d4 d5 2. Nf3 Nf6 3. c4 c6 4. e3 Bg4 5. h3 Bxf3 6. Qxf3 e6 7. Bd3 Nbd7 8. O-O
Bd6 9. Nc3 O-O 10. Rd1 Re8 11. Qe2 Qe7 12. e4 dxe4 13. Nxe4 Nxe4 14. Qxe4 Nf6
15. Qh4 h6 16. Bd2 Rad8 17. Bc3 e5 18. dxe5 Bxe5 19. Re1 Qc7 20. Bxe5 Rxe5 21.
Red1 Re7 22. Bf1 Red7 23. Rxd7 Qxd7 24. Qf4 Qd2 25. Qc7 Ne4 26. f3 Nc5 27. Qe5
Ne6 28. Re1 a5 29. Qe2 Qf4 30. Qe3 Rd2 31. Qxf4 Nxf4 32. Re8+ Kh7 33. b3 Ne6 34.
Re7 Nc5 35. Re2 Rd7 36. g3 g5 37. Kf2 Kg7 38. f4 gxf4 39. gxf4 Rd1 40. Bg2 Kf6
41. Kg3 Rd3+ 42. Kg4 Ne6 43. Rf2 Rd4 44. Bf1 Ng7 45. Re2 h5+ 46. Kf3 Ne6 47. Ke3
Rxf4 48. Bg2 h4 49. Rd2 Ke7 50. Bf3 Rf6 51. Rg2 Rg6 52. Rg4 Rxg4 53. Bxg4 Kd6
54. Ke4 Kc5 55. Kf5 Kb4 56. Bd1 Ka3 57. Kg4 Kxa2 58. Kxh4 Kb2 59. Kg3 Nd4 60.
Kf4 Nxb3 61. h4 a4 62. h5 a3 63. h6 a2 64. h7 a1=Q 65. h8=Q+ Kc1 66. Qxa1+ Nxa1
67. Bh5 f6 68. Kf5 Kd2 69. Kxf6 Kc3 70. Bf7 Nc2 71. Ke5 Na3 72. Kd6 Nxc4+ 73.
Kc5 Na5 74. Kb6 Kb4 75. Be8 c5 76. Bg6 c4 77. Bf5 c3 78. Bg6 Nc6 79. Kxb7 Ne5
80. Bc2 Kb5 81. Kc7 Kc5 82. Kb7 Nc6 83. Bg6 Nb4 84. Kc7 Kd4 85. Bb1 Nd5+ 86. Kd6
Nb6 87. Kc6 Nc4 88. Bc2 Ke3 89. Kc5 Ne5 90. Kb4 Kd2 91. Ba4 Ng4 92. Ka3 Nh6 93.
Ka2 Nf5 94. Kb1 Nd4 95. Ka2 Ne6 96. Kb1 Nd4 97. Ka2 Nc2 98. Kb1 Ne1 99. Ka2 Nd3
100. Kb1 {Game drawn by mutual agreement} 1/2-1/2

[Event "Team 45 45 League T47"]
[Site "Internet Chess Club"]
[Date "2010.11.11"]
[Round "1"]
[White "eurander"]
[Black "chess9793"]
[Result "1-0"]
[WhiteElo "2180"]
[BlackElo "2069"]
[Opening "Sicilian: Alapin's variation (2.c3)"]
[ECO "B22"]
[Time "16:03:03"]
[TimeControl "2700+45"]

1. e4 c5 2. c3 Nf6 3. e5 Nd5 4. d4 cxd4 5. cxd4 Nc6 6. Nf3 d6 7. Bc4 Nb6 8. Bb5
d5 9. Nc3 Bf5 10. O-O e6 11. Bg5 Be7 12. Bxe7 Qxe7 13. Na4 O-O 14. Bxc6 bxc6 15.
Nc5 Nd7 16. Rc1 Rab8 17. b3 Rfc8 18. Qd2 Rb5 19. Nxd7 Qxd7 20. Rc3 h6 21. Rfc1
Qb7 22. Rc5 Qa6 23. h3 Rxc5 24. Rxc5 Qd3 25. Qxd3 Bxd3 26. Ne1 Bb1 27. Ra5 Rc7
28. Kf1 Kf8 29. Ke2 Ke7 30. Nd3 Bxd3+ 31. Kxd3 Kd7 32. Kc3 Kc8 33. Kb4 Rb7+ 34.
Kc5 Kc7 35. b4 Kd7 36. a4 Rc7 37. Ra6 f6 38. f4 fxe5 39. fxe5 g5 40. g4 Rb7 41.
Rxc6 Ke7 42. b5 Kd7 43. Rd6+ Ke7 44. a5 Rb8 45. Kc6 Rc8+ 46. Kb7 Rc4 47. Kxa7
Rxd4 48. b6 Rb4 49. b7 Rb5 50. b8=Q Rxb8 51. Kxb8 d4 52. a6 d3 53. a7 d2 54.
a8=Q d1=R 55. Qb7+ Kf8 56. Rxd1 Ke8 57. Qc7 h5 58. Rd8# {Black checkmated} 1-0

[Event "Team 45 45 League T47"]
[Site "Internet Chess Club"]
[Date "2010.11.07"]
[Round "1"]
[White "superbeast"]
[Black "Ptzz"]
[Result "1-0"]
[WhiteElo "1864"]
[BlackElo "2073"]
[Opening "English opening"]
[ECO "A20"]
[Time "12:05:59"]
[TimeControl "2700+45"]

1. c4 e5 2. g3 Nf6 3. Bg2 d5 4. cxd5 Nxd5 5. Nf3 Nc6 6. O-O Nb6 7. d3 Be7 8.
Nbd2 O-O 9. a3 a5 10. b3 Be6 11. Bb2 f6 12. Qc2 Qd7 13. e3 Rfd8 14. d4 exd4 15.
Nxd4 Nxd4 16. Bxd4 c5 17. Bxc5 Rac8 18. b4 Nd5 19. Qb2 Bxc5 20. bxc5 Rxc5 21.
Ne4 Rb5 22. Qe2 h6 23. Rfd1 f5 24. Bf1 Rb6 25. Nc5 Qe7 26. Nxe6 Rxe6 27. Qa2 Nc7
28. Rxd8+ Qxd8 29. Bc4 Qf6 30. Bxe6+ Nxe6 31. Rb1 Qe7 32. Rb6 Kf7 33. Qb1 Kf6
34. Qb2+ Kg5 35. Qe5 Qd7 36. Rxe6 {Black resigns} 1-0

[Event "Team 45 45 League T47"]
[Site "Internet Chess Club"]
[Date "2010.11.07"]
[Round "1"]
[White "perikitosax"]
[Black "Atlantis"]
[Result "1/2-1/2"]
[WhiteElo "1988"]
[BlackElo "1878"]
[Opening "QGD semi-Slav"]
[ECO "D43"]
[Time "11:08:40"]
[TimeControl "2700+45"]

1. d4 Nf6 2. Nf3 e6 3. c4 d5 4. Nc3 c6 5. Bg5 h6 6. Bh4 Be7 7. e3 Nbd7 8. Qc2
Nh5 9. Bxe7 Qxe7 10. Be2 Nhf6 11. O-O O-O 12. Rfd1 b6 13. e4 dxe4 14. Nxe4 Bb7
15. Nxf6+ Nxf6 16. c5 Rfd8 17. Rac1 Nd7 18. b4 b5 19. a4 a6 20. g3 Nf6 21. Ne5
Nd5 22. Qb3 Qg5 23. Bf3 Kf8 24. h4 Qf6 25. Kg2 g6 26. Ng4 Qg7 27. Ne3 f6 28.
Nxd5 exd5 29. axb5 axb5 30. Ra1 Re8 31. Rxa8 Rxa8 32. Re1 Bc8 33. Qe3 Bd7 34.
Qf4 Re8 35. Qd6+ Kg8 36. Rxe8+ Bxe8 37. Qe6+ Qf7 38. Bg4 f5 39. Qxf7+ Kxf7 40.
Be2 Kf6 41. f4 g5 42. Bf3 g4 43. Be2 h5 {Game drawn by mutual agreement} 1/2-1/2

[Event "Team 45 45 League T47"]
[Site "Internet Chess Club"]
[Date "2010.11.06"]
[Round "1"]
[White "akdog3"]
[Black "Paulkov"]
[Result "1/2-1/2"]
[WhiteElo "2201"]
[BlackElo "2259"]
[Opening "King's Indian: 5.Nf3"]
[ECO "E90"]
[Time "14:02:04"]
[TimeControl "2700+45"]

1. Nf3 Nf6 2. c4 g6 3. Nc3 Bg7 4. e4 d6 5. d4 c5 6. d5 O-O 7. h3 e6 8. Bd3 exd5
9. cxd5 Re8 10. O-O a6 11. a4 Nbd7 12. Bf4 Qc7 13. Re1 Rb8 14. Bf1 Nh5 15. Bh2
b6 16. Qd2 Bb7 17. Rad1 Re7 18. g4 Nhf6 19. Bg2 Ree8 20. Qf4 Ne5 21. Nxe5 dxe5
22. Qd2 Qd6 23. Bf1 Rbd8 24. Bg3 Re7 25. f3 Rc8 26. b3 Ne8 {Game drawn by mutual
agreement} 1/2-1/2

[Event "Team 45 45 League T47"]
[Site "Internet Chess Club"]
[Date "2010.11.07"]
[Round "1"]
[White "MaartenKoning"]
[Black "vnchess"]
[Result "1/2-1/2"]
[WhiteElo "2278"]
[BlackElo "2190"]
[Opening "Sicilian: accelerated fianchetto, modern variation with Bc4"]
[ECO "B35"]
[Time "14:05:00"]
[TimeControl "2700+45"]

1. e4 c5 2. Nc3 Nc6 3. Nge2 g6 4. d4 cxd4 5. Nxd4 Bg7 6. Be3 Nf6 7. Bc4 O-O 8.
Bb3 a5 9. O-O Ng4 10. Qxg4 Nxd4 11. Qd1 Nxb3 12. axb3 d6 13. Bd4 Bh6 14. Nd5 Be6
15. Bb6 Qd7 16. Bxa5 Bxd5 17. Qxd5 e6 18. Qd3 f5 19. exf5 Rxf5 20. Bc3 Raf8 21.
Qd4 e5 22. Qd5+ Kh8 23. Rad1 Qf7 24. Qxf7 R8xf7 25. Rxd6 Be3 26. Bxe5+ Rxe5 27.
fxe3 Rc7 28. c3 Rxe3 29. Rfd1 Ree7 30. b4 Kg7 31. b5 Kh6 32. b6 Rc5 33. Rd7 Re2
34. Rxb7 Rg5 35. g3 Rxb2 36. Rdd7 Ra5 37. Rxh7+ Kg5 38. Ra7 Rd5 39. Rhd7 Re5 40.
Re7 Rd5 41. Rad7 Ra5 42. Ra7 Rd5 43. Rad7 {Game drawn by mutual agreement}
1/2-1/2

[Event "Team 45 45 League T47"]
[Site "Internet Chess Club"]
[Date "2010.11.05"]
[Round "1"]
[White "Campagnolo"]
[Black "Matusalen"]
[Result "0-1"]
[WhiteElo "2044"]
[BlackElo "2105"]
[Opening "Queen's pawn game, Darooha variation "]
[ECO "D02"]
[Time "21:02:27"]
[TimeControl "2700+45"]

1. Nf3 d5 2. d4 Nf6 3. g3 Bf5 4. Bg2 Nc6 5. O-O e6 6. c4 dxc4 7. Ne5 Nxe5 8.
dxe5 Ne4 9. Qa4+ c6 10. Qxc4 Qd5 11. Qxd5 exd5 12. Nd2 Nxd2 13. Bxd2 Bc5 14. Bc3
h5 15. Rac1 h4 16. e6 hxg3 17. hxg3 d4 18. Bd2 Bb6 19. exf7+ Kxf7 20. Bf3 Be6
21. a3 Bb3 22. Bb4 Rh3 23. Bg2 Rh6 24. Bd2 Rhh8 25. Bf3 Rae8 26. Kg2 Kf6 27. Rh1
Rxh1 28. Rxh1 Bd5 29. Re1 Bc4 30. Bg4 a5 31. Bf3 a4 32. Bb4 Ba7 33. Bd2 Re7 34.
Bb4 Re8 35. Bd2 Kf5 36. Bb4 g5 37. Bh5 Bd5+ 38. Kg1 Re5 39. Bd2 b5 40. Kf1 Re7
41. g4+ Kf6 42. Bb4 Re6 43. Ba5 Bc5 44. Bd8+ Be7 45. Ba5 Bc4 46. Bb6 c5 47. Ba5
b4 48. f3 bxa3 49. bxa3 Re3 50. Be8 Rxa3 51. Rc1 Ba6 52. Rc2 Rxf3+ {White
resigns} 0-1

[Event "Team 45 45 League T47"]
[Site "Internet Chess Club"]
[Date "2010.11.05"]
[Round "1"]
[White "DoWnLoAD"]
[Black "chiiwen"]
[Result "0-1"]
[WhiteElo "2113"]
[BlackElo "2190"]
[Opening "Sicilian: Kan, 5.Nc3"]
[ECO "B43"]
[Time "21:01:29"]
[TimeControl "2700+45"]

1. e4 c5 2. Nf3 e6 3. Nc3 a6 4. d4 cxd4 5. Nxd4 Qc7 6. g3 Bb4 7. Ne2 Nf6 8. Bg2
O-O 9. O-O Nc6 10. Bg5 Be7 11. h3 b5 12. g4 Bb7 13. f4 d6 14. a3 Rfd8 15. f5 Ne5
16. Nd4 Qc8 17. Nce2 h6 18. Bh4 d5 19. fxe6 fxe6 20. Bg3 Nc4 21. e5 Ne4 22. Bf4
Bg5 23. Qc1 Nxe5 24. Bxe4 dxe4 25. Bxg5 hxg5 26. Qxg5 Qc5 27. Qh5 Rxd4 28. b4
Qd6 29. Nxd4 Qxd4+ 30. Kh2 Nf3+ 31. Kg3 Qd6+ {White resigns} 0-1

[Event "Team 45 45 League T47"]
[Site "Internet Chess Club"]
[Date "2010.11.05"]
[Round "1"]
[White "f5"]
[Black "Pason"]
[Result "1-0"]
[WhiteElo "2111"]
[BlackElo "2052"]
[Opening "French: classical, Steinitz variation"]
[ECO "C14"]
[Time "13:00:43"]
[TimeControl "2700+45"]

1. e4 e6 2. d4 d5 3. Nc3 Nf6 4. Bg5 Be7 5. e5 Nfd7 6. Bxe7 Qxe7 7. f4 a6 8. Nf3
Nb6 9. Qd2 Bd7 10. O-O-O Bb5 11. Bd3 Bxd3 12. cxd3 Nc6 13. Kb1 Qb4 14. Qf2 O-O-O
15. Rc1 Kb8 16. Rc2 Qe7 17. a3 Rdf8 18. Qd2 h6 19. Ne2 Rhg8 20. h4 h5 21. Rhc1
Rc8 22. g3 Qd7 23. Rxc6 bxc6 24. Qa5 Kb7 25. Nd2 c5 26. dxc5 Qa4 27. Qxa4 Nxa4
28. b3 Nb6 29. cxb6 cxb6 30. Nd4 Rxc1+ 31. Kxc1 g6 32. N2f3 Rc8+ 33. Kd2 Rc7 34.
b4 Kc8 35. Ng5 Kb7 36. a4 Re7 37. b5 Rc7 38. Nc6 Rd7 39. Nxf7 {Black resigns}
1-0

[Event "Team 45 45 League T47"]
[Site "Internet Chess Club"]
[Date "2010.11.08"]
[Round "1"]
[White "egyptiantiger"]
[Black "Fulvio"]
[Result "1-0"]
[WhiteElo "2127"]
[BlackElo "2029"]
[Opening "Old Benoni defense"]
[ECO "A46"]
[Time "15:30:23"]
[TimeControl "2700+45"]

1. d4 Nf6 2. Nf3 c5 3. d5 b5 4. g3 Bb7 5. c4 bxc4 6. Nc3 Qa5 7. Bd2 Qb6 8. e4
Nxe4 9. Nxe4 Bxd5 10. Nc3 Qe6+ 11. Be3 Bc6 12. Bg2 g6 13. O-O d6 14. Re1 Qd7 15.
Qe2 Qb7 16. Nh4 Nd7 17. Bxc6 Qxc6 18. Bh6 Ne5 19. Bxf8 Kxf8 20. f4 Nd3 21. Qxe7+
Kg7 22. Re6 Rhe8 23. Qf6+ Kg8 24. Rxd6 Qb7 25. Rb1 Qb4 26. Rd7 Rf8 27. Nd5
{Black resigns} 1-0